 Dungeon Crawl Stone Soup version 0.28-a0-706-gf6f64a616a (webtiles) character file.

Game seed: 6478971461678600410

3491 oldriver the Thaumaturge (level 10, -1/61 HPs)
             Began as a Djinni Fire Elementalist on Oct 25, 2021.
             Killed from afar by Maggie (8 damage)
             ... with a bolt of fire
             ... on level 7 of the Dungeon.
             The game lasted 00:18:25 (12360 turns).

oldriver the Thaumaturge (DjFE)                    Turns: 12360, Time: 00:18:26

Health: -1/61      AC: -1    Str:  7    XL:     10   Next: 28%
Gold:   321        EV: 13    Int: 21    God:
                   SH:  0    Dex: 13

rFire   + + .      SeeInvis .   E - +2 quarterstaff (chaos)
rCold   x . .      Faith    .   (shield currently unavailable)
rNeg    . . .      Spirit   .   a - +0 robe
rPois   ∞          Reflect  .   (no helmet)
rElec   .          Harm     .   F - +0 cloak
rCorr   .          Rampage  .   (no gloves)
Will    +....                   (boots unavailable)
Stlth   ++........              (no amulet)
HPRegen 0.20/turn               (no ring)
MPRegen 0.00/turn               (no ring)

@: corroded, flying, mesmerised
A: sickness immunity, fire resistance 2, cold vulnerability 1, float, innate
caster, hp casting, extra vitality 1
a: no special abilities


You were on level 7 of the Dungeon.
You visited 2 branches of the dungeon, and saw 10 of its levels.

You collected 321 gold pieces.

Inventory:

Hand Weapons
 E - a +2 quarterstaff of chaos (weapon)
Missiles
 D - 2 throwing nets
Armour
 a - a +0 robe (worn)
 F - a +0 cloak (worn)
Magical Staves
 n - a staff of earth
Jewellery
 j - a ring of fire
Wands
 q - a wand of flame (11)
 t - a wand of paralysis (12)
 G - a wand of acid (28)
 I - a wand of iceblast (6)
 J - a wand of digging (7)
Scrolls
 c - 4 scrolls of vulnerability {unknown}
 d - 4 scrolls of teleportation {unknown}
 f - 2 scrolls of amnesia {unknown}
 h - a scroll of magic mapping {unknown}
 l - 5 scrolls of identify {unknown}
 o - 3 scrolls of fear {unknown}
 s - a scroll of summoning {unknown}
 v - 3 scrolls of enchant armour {unknown}
 w - a scroll of immolation {unknown}
 x - a scroll of noise {unknown}
 y - 2 scrolls of blinking {unknown}
 C - a scroll of brand weapon {unknown}
 H - a scroll of holy word {unknown}
Potions
 b - a potion of invisibility
 e - a potion of berserk rage {unknown}
 g - a potion of heal wounds {unknown}
 i - a potion of degeneration
 k - a potion of might {unknown}
 m - 2 potions of magic {unknown}
 p - a potion of resistance {unknown}
 r - 3 potions of brilliance {unknown}
 u - a potion of ambrosia {unknown}
 z - 2 potions of lignification {unknown}
 A - 3 potions of curing
 B - a potion of attraction {unknown}


   Skills:
 + Level 0.5 Fighting
 + Level 3.1 Dodging
 + Level 3.2 Stealth
 * Level 10.7 Spellcasting


You had 8 spell levels left.
You knew the following spells:

 Your Spells              Type           Power      Damage    Failure   Level
a - Foxfire               Conj/Fire      100%       2x1d9     1%          1
b - Scorch                Fire           100%       2d10      1%          2
c - Conjure Flame         Conj/Fire      54%        6-21      1%          3
d - Inner Flame           Hex/Fire       54%        N/A       1%          3
e - Flame Wave            Conj/Fire      54%        3d10      1%          4
f - Apportation           Tloc           100%       N/A       1%          1
g - Poisonous Vapours     Pois/Air       100%       N/A       1%          2
h - Blink                 Tloc           100%       N/A       1%          2
i - Fulminant Prism       Conj/Hex       27%        3d14      1%          4
Your spell library was empty.

Dungeon Overview and Level Annotations

Branches:
Dungeon (9/15)             Temple (1/1) D:6
   Lair: D:8-11         Orc: D:9-12

Altars:
Ashenzari
Cheibriados
Dithmenos
Gozag
Hepliaklqana
Kikubaaqudgha
Nemelex Xobeh
Okawaru
Qazlal
Ru
Sif Muna
Trog
Uskayaw
Vehumet
Wu Jian
Xom
Yredelemnul
The Shining One
Lugonu

Shops:
D:1 *(!?   D:4 (:[?[=

Portals:
Abyss: D:4

Annotations:
D:4 2 runed translucent doors
D:7 Maggie


Innate Abilities, Weirdness & Mutations

You are immune to sickness and miasma.
You are immune to poison.
Your flesh is very heat resistant. (rF++)
You are vulnerable to cold. (rC-)
You float through the air rather than walking.
You learn spells naturally, not from books.
Your magical power is your life essence.
You have superior vitality. (+4 HP)


Message History

You conjure some foxfire!
The foxfire hits Maggie.
Maggie is moderately wounded.
The foxfire hits Maggie but does no damage.
Maggie is moderately wounded.
The foxfire hits Maggie but does no damage.
Maggie is moderately wounded.
Maggie zaps a wand.
The bolt of acid hits you!!!
Ouch! That really hurt!
* * * LOW HITPOINT WARNING * * *
The acid corrodes you!
Casting: Foxfire (safe; 1% risk of failure)
Confirm with . or Enter, or press ? or * to list all spells.
You conjure some foxfire!
* * * LOW HITPOINT WARNING * * *
The foxfire hits Maggie.
Maggie is moderately wounded.
Casting: Foxfire (safe; 1% risk of failure)
Confirm with . or Enter, or press ? or * to list all spells.
You conjure some foxfire!
* * * LOW HITPOINT WARNING * * *
The foxfire hits Maggie.
Maggie is moderately wounded.
Maggie mumbles the words to a spell, but in the wrong order.
Casting: Foxfire (safe; 1% risk of failure)
Confirm with . or Enter, or press ? or * to list all spells.
Flames lash Maggie.
Maggie is heavily wounded.
Maggie's fire resistance burns away.
* * * LOW HITPOINT WARNING * * *
The foxfire hits Maggie.
Maggie is burned terribly!
Maggie is severely wounded.
The foxfire hits Maggie.
Maggie is burned terribly!
Maggie is severely wounded.
The foxfire hits Maggie!
Maggie is burned terribly!
Maggie is almost dead.
The foxfire hits Maggie.
Maggie is almost dead.
Maggie gestures at you while chanting. The bolt of fire hits you! You resist.
You die...

###
#########§#######
#§.......@§......
##.....#§§§.@....
#....###§.§.....
##..## ##.......
#.## #...... ##.#
###... #..# ###
##.## ##..#


You could see Maggie (mesmerising, combustible).

Vanquished Creatures
  A two-headed ogre (D:7)
  Pikel (D:5)
  Sigmund (D:4)
  Edmund (D:4)
  2 orc warriors (D:6)
  A sky beast (D:4)
  4 black bears
  A lemure (D:5)
  A kobold brigand (D:5)
  2 gnoll sergeants
  A wyvern zombie (D:6)
  A bullfrog (D:6)
  4 scorpions
  A wyvern skeleton (D:5)
  4 howler monkeys
  3 centaur zombies
  2 hounds
  4 orc priests (D:6)
  2 bullfrog zombies (D:5)
  Crazy Yiuf (D:5)
  A centaur skeleton (D:7)
  A scorpion zombie (D:5)
  Ijyb (D:4)
  2 orc wizards (D:6)
  2 killer bee zombies (D:5)
  7 gnolls
  7 adders
  A shadow imp (D:3)
  An adder zombie (D:5)
  5 worms
  2 dart slugs
  17 orcs
  6 bats
  9 endoplasms
  4 giant cockroaches
  5 goblins
  11 hobgoblins
  4 jackals
  13 kobolds
  4 quokkas
  7 ball pythons
  4 frilled lizards (D:1)
  4 rats
156 creatures vanquished.

Vanquished Creatures (collateral kills)
  2 foxfires (D:5)
2 creatures vanquished.

Vanquished Creatures (others)
  805 foxfires
  8 fungi (D:7)
  8 toadstools (D:7)
  9 withered plants (D:5)
830 creatures vanquished.

Grand Total: 988 creatures vanquished

Notes
Turn   | Place    | Note
-------+----------+-------------------------------------------
     0 | D:1      | oldriver the Djinni Fire Elementalist began the quest for
                  | the Orb.
     0 | D:1      | Reached XP level 1. HP: 15/15 MP: 0/0
   283 | D:1      | Found Dided's Magic Scroll Shoppe.
   351 | D:1      | Found Hadghisih's Weapon Shop.
   529 | D:1      | Reached XP level 2. HP: 18/21 MP: 0/0
   617 | D:1      | Found Baamal's Distillery.
  1102 | D:1      | Found Gitona's Assorted Antiques.
  1161 | D:1      | Reached XP level 3. HP: 17/25 MP: 0/0
  1161 | D:1      | Learned a level 1 spell: Apportation
  1279 | D:1      | Reached skill level 3 in Spellcasting
  1714 | D:1      | Found a faded altar of an unknown god.
  2733 | D:2      | Reached XP level 4. HP: 24/31 MP: 0/0
  4085 | D:3      | Found a sacrificial altar of Ru.
  4103 | D:3      | Reached XP level 5. HP: 31/35 MP: 0/0
  4103 | D:3      | Learned a level 2 spell: Poisonous Vapours
  4406 | D:3      | Reached skill level 4 in Spellcasting
  4979 | D:4      | Reached XP level 6. HP: 36/40 MP: 0/0
  5141 | D:4      | Reached skill level 5 in Spellcasting
  5231 | D:4      | Noticed a sky beast
  5248 | D:4      | Killed a sky beast
  5249 | D:4      | Reached XP level 7. HP: 30/45 MP: 0/0
  5249 | D:4      | Learned a level 2 spell: Blink
  5575 | D:4      | Found a large runed translucent door.
  5577 | D:4      | Found a large runed translucent door.
  5578 | D:4      | Found a corrupted altar of Lugonu.
  5597 | D:4      | Noticed Sigmund
  5627 | D:4      | Killed Sigmund
  5628 | D:4      | Reached skill level 6 in Spellcasting
  5998 | D:4      | Noticed Ijyb
  6002 | D:4      | Killed Ijyb
  6064 | D:4      | Found Noota's Magic Scroll Shop.
  6065 | D:4      | Found Muxosu's Armour Boutique.
  6066 | D:4      | Found Lamipism's Antique Weapon Emporium.
  6066 | D:4      | Found Bupulix's Book Shoppe.
  6067 | D:4      | Found Podaetyqe's Armour Emporium.
  6067 | D:4      | Found Ihavaut's Jewellery Shop.
  6192 | D:4      | Noticed Edmund
  6200 | D:4      | Killed Edmund
  6201 | D:4      | Reached XP level 8. HP: 17/50 MP: 0/0
  6973 | D:4      | Found a one-way gate to the infinite horrors of the Abyss.
  7286 | D:5      | Entered Level 5 of the Dungeon
  7576 | D:5      | Reached skill level 7 in Spellcasting
  7663 | D:5      | Noticed Pikel
  7674 | D:5      | Killed Pikel
  8115 | D:5      | Reached skill level 8 in Spellcasting
  8115 | D:5      | Reached XP level 9. HP: 43/55 MP: 0/0
  8115 | D:5      | Learned a level 4 spell: Fulminant Prism
  8680 | D:5      | Found a runed translucent door.
  8681 | D:5      | Noticed Crazy Yiuf
  9391 | D:5      | Killed Crazy Yiuf
  9559 | D:6      | Reached skill level 9 in Spellcasting
  9661 | D:6      | Identified the +0 robe of the Orb Guardian {rPois MP-9
                  | Str+7}
  9823 | D:6      | Found a bloodstained altar of Trog.
 10023 | D:6      | Found a staircase to the Ecumenical Temple.
 10035 | Temple   | Entered the Ecumenical Temple
 11607 | D:7      | You are sucked into a shaft and drop 2 floors!
 11724 | D:9      | Found a shimmering altar of Xom.
 11900 | D:7      | Noticed a two-headed ogre
 11927 | D:7      | Killed a two-headed ogre
 11928 | D:7      | Reached skill level 10 in Spellcasting
 11928 | D:7      | Reached XP level 10. HP: 50/61 MP: 0/0
 12349 | D:7      | Noticed Maggie
 12360 | D:7      | Killed from afar by Maggie

Illustrated notes

Levels and vault maps discovered:
D:1:      grunt_arrival_lava_bath, layout_basic, serial_shops, shop, shop,
          nicolae_shop_statue_plus, nicolae_shop_behind_doors,
          hellmonk_ecumenical_altar_prayer_group
D:2:      layout_loops_corners
D:3:      layout_rooms, nicolae_ru_path_of_blood, minmay_starry_boxes
D:4:      due_chaos_kobolds, layout_loops_ring, nicolae_wooded_promenade,
          minmay_three_crescents, uniq_ijyb, uniq_sigmund, uniq_edmund
D:5:      layout_basic, serial_undead, serial_undead_f, serial_undead_d,
          serial_undead_b, serial_undead_c, serial_undead_e,
          uniq_crazy_yiuf_cottage, uniq_pikel
D:6:      layout_layer_cave, old_standard_altar, minmay_temple_entry_trees
D:7:      cheibrodos_fertilizer, layout_cave_pods, uniq_maggie, uniq_menkaure
D:8:      layout_loops_ring, tgw_fedhas,
          chequers_temple_overflow_statue_of_worship
D:9:      layout_roguey, brannock_xom_greatest_gift, uniq_joseph
Temple:   regret_index_temple_generic_petals

Skill      XL: |  1  2  3  4  5  6  7  8  9 |
---------------+----------------------------+-----
Spellcasting   | 3 4 5 6 8 10 | 10.7
Stealth        | 2 3 |  3.2
Dodging        | 3 |  3.1
Fighting       | |  0.5

Action                   |  1- 3 |  4- 6 |  7- 9 | 10-12 || total
-------------------------+-------+-------+-------+-------++-------
 Cast: Foxfire           |   112 |   137 |   234 |    22 ||   505
       Scorch            |     4 |     7 |    65 |     4 ||    80
       Blink             |       |       |     1 |       ||     1
       Poisonous Vapours |       |       |     1 |       ||     1
       Flame Wave        |       |       |     2 |     1 ||     3
       Conjure Flame     |       |       |     1 |       ||     1
  Use: Potion            |       |       |     4 |       ||     4
Armor: Robe              |     2 |       |     7 |     2 ||    11
Dodge: Dodged            |     6 |     5 |    34 |     4 ||    49

Table legend: (Time is in decaauts)
 A = Elapsed time spent in this place.
 B = Non-inter-level travel time spent in this place.
 C = Inter-level travel time spent in this place.
 D = Time resting spent in this place.
 E = Time spent auto-exploring this place.
 F = Levels seen in this place.
 G = Mean time per level.
                   A        B        C        D        E       F      G
               +--------+--------+--------+--------+--------+-----+--------+
         Total |  12358 |  12053 |    305 |   2235 |   8549 |  10 | 1235.8 |
       Dungeon |  12065 |  11827 |    238 |   2235 |   8342 |   9 | 1340.6 |
        Temple |    292 |    225 |     67 |      0 |    207 |   1 |  292.0 |
               +--------+--------+--------+--------+--------+-----+--------+

Top non-repeatable levels by time:
     D:4: 2594 daAuts
     D:1: 2040 daAuts
     D:5: 1985 daAuts
     D:6: 1782 daAuts
     D:2: 1627 daAuts
     D:3: 1255 daAuts
     D:7: 574 daAuts
  Temple: 292 daAuts
     D:9: 174 daAuts
     D:8: 31 daAuts
